 Dungeon Crawl Stone Soup version 0.31.0-12-g77e489cdc1 (webtiles) character file.

Game seed: 16984164058775331686

18 Killerpretzel the Changeling (level 2, 0/18 HPs)
             Began as an Octopode Shapeshifter on Feb 11, 2024.
             Slain by a kobold
             ... wielding a +0 whip
              (3 damage)
             ... on level 1 of the Dungeon.
             The game lasted 00:00:19 (419 turns).

Killerpretzel the Changeling (Octopode Shapeshifter) Turns: 419, Time: 00:00:20

Health: 0/18       AC:  1    Str: 13    XL:     2   Next: 66%
Magic:  2/2        EV: 13    Int: 12    God:
Gold:   46         SH:  0    Dex: 11    Spells: 1/1 levels left

rFire   . .          .
                       - Unarmed
rCold   . . .        (no shield)
rNeg    . . .        (helmet currently unavailable)
rPois   .            (no amulet)
rElec   .            (no ring)
rCorr   .            (no ring)
SInv    .            (no ring)
Will    .....        (no ring)
Stlth   ++           (no ring)
HPRegen 0.23/turn    (no ring)
MPRegen 0.08/turn    (no ring)
                     (no ring)

%: no passive effects
@: beast-form
A: beast (slay +1), almost no armour, amphibious, 8 rings, camouflage 1,
gelatinous body 1, (nimble swimmer 1), tentacles
a: Begin Untransformation


You were on level 1 of the Dungeon.
You were a hulking beast.
You visited 1 branch of the dungeon, and saw 1 of its levels.

You collected 46 gold pieces.

Inventory:

Jewellery
 g - a ring of poison resistance
Talismans
 b - a beast talisman
 c - a flux talisman
Scrolls
 e - 2 scrolls of enchant armour {unknown}
 f - a scroll of amnesia {unknown}
Potions
 a - a potion of lignification
 d - a potion of degeneration {unknown}


   Skills:
 + Level 1.3 Fighting
 + Level 2.2 Dodging
 + Level 3.1 Unarmed Combat
 * Level 3.3 Shapeshifting


You had one spell level left.
You didn't know any spells.
Your spell library contained the following spells:

 Spells                   Type           Power      Damage    Failure   Level
 Freeze                   Ice            0%         1d3       32%         1
 Frozen Ramparts          Ice            0%         1d1       69%         3
 Hailstorm                Conj/Ice       0%         3d5       69%         3


Dungeon Overview and Level Annotations

Branches:
Dungeon (1/15)

Altars:


Innate Abilities, Weirdness & Mutations

You are a hulking beast.
Your limbs bulge with bestial killing power. (Slay +1)
You cannot wear most types of armour.
You are amphibious.
You can wear up to eight rings at the same time.
Your skin changes colour to match your surroundings (Stealth+).
Your rubbery body absorbs attacks. (AC +1, EV +1)
((You are camouflaged when in or above water. (Stealth+)))
You have tentacles for arms and can constrict up to eight enemies at once.


Message History

A kobold comes into view. It is wielding a +0 club.
The kobold shouts!
The hobgoblin shouts!
You hear a shout!
The rat bites you but does no damage.
A rat comes into view.
The rat squeaks loudly.
You barely miss the rat. You grab the rat. You constrict the rat.
You kill the rat!
A kobold comes into view. It is wielding a +0 whip.
The kobold hits you with a +0 club.
The kobold shouts!
You tentacle-slap the kobold but do no damage.
Your grab misses the kobold. The kobold hits you with a +0 club.
You are too injured to fight recklessly!
You are too injured to fight recklessly!
You are too injured to fight recklessly!
There are monsters nearby!
The kobold attacks as it pursues you! The kobold hits you with a +0 club.
You barely miss the hobgoblin. You grab the hobgoblin.
You constrict the hobgoblin. The hobgoblin barely misses you.
You tentacle-slap the hobgoblin.
You kill the hobgoblin!
The rat misses you.
You tentacle-slap the rat.
You kill the rat!
The kobold closely misses you.
You completely miss the kobold. Your grab misses the kobold.
A hobgoblin comes into view.
The kobold barely misses you.
You tentacle-slap the kobold but do no damage.
You grab the kobold.
You squeeze the kobold, but do no damage.
You constrict the kobold. The kobold hits you with a +0 whip.
The kobold hits you with a +0 club.
* * * LOW HITPOINT WARNING * * *
You barely miss the kobold.
The kobold is moderately wounded.
You constrict the kobold.
You kill the kobold!
The kobold hits you with a +0 whip.
You die...

... .... .. ... ..... .
# .. .... . .# ..
.##..###. .# .#
........# ######.#####
.# .......K+ ...........
.# #.......# ##........#
.#
......g.#+##...#########
...
#...#.†.)h...#.........#
.#. #
#...K..?.#.......#.# .#
#........#.....#.#.# .#
......#+#+##+#.....#.#.#
.# ....#. ........#.#.#
.######...####.
........#.#.#
...............
.......#.#.#.#
.............#
.............#.#
........##...##..
...#..#.###


You could see a hobgoblin and a kobold.

Vanquished Creatures
  A ball python (D:1)
  A bat (D:1)
  An endoplasm (D:1)
  A giant cockroach (D:1)
  2 goblins (D:1)
  3 hobgoblins (D:1)
  A frilled lizard (D:1)
  3 kobolds (D:1)
  5 rats (D:1)
18 creatures vanquished.

Notes
Turn   | Place    | Note
-------+----------+-------------------------------------------
     0 | D:1      | Killerpretzel the Octopode Shapeshifter began the quest for
                  | the Orb.
     0 | D:1      | Reached XP level 1. HP: 13/13 MP: 1/1
    48 | D:1      | Reached XP level 2. HP: 14/18 MP: 2/2
   209 | D:1      | Found a faded altar of an unknown god.
   419 | D:1      | Slain by a kobold

Illustrated notes

Levels and vault maps discovered:
D:1:      mushboom_english_gardens, layout_basic, basic_ecumenical_altar,
          chequers_serial_rivers_micro_a

Action                     || total
---------------------------++-------
  Melee: Unarmed           ||    32
         Constrict         ||    10
         Tentacles         ||     4
   Stab: Sleeping          ||     1
 Armour: Skin              ||    13
  Dodge: Dodged            ||    18
